AoeStats
← Moh

Black Forest

507707834Analyzed
3v3 RM · 14d ago on Sep 19, 2026· 28m 50s· 6 players
Game mode
Random Map
Map size
Normal (6 player)
Population
200
Speed
Normal
Resources
Standard
Victory
Conquest
Starting age
Dark Age
Ending age
Imperial Age
RankedLock teamsTeams togetherTeam positionsShared explorationLock speedFull tech treeHidden civsTurbo modeCheats
Victory
Defeat
🇵🇱 Byzantines · Poland
1049
+16
🇷🇺 Cumans · Russia
1034
+17
🇨🇿 Magyars · Czechia
992
+19
🇨🇭 Celts · Switzerland
1080
-18
🇳🇱 Khmer · Netherlands
1059
-18
🇸🇦 Portuguese · Saudi Arabia
1020
-16
Stuffed_dumpling
1:33 Loom
13:55 Feudal Age
14:46 Double-Bit Axe
15:02 Town Watch
17:58 Gold Mining
19:12 Horse Collar
19:52 Bloodlines
20:04 Fletching
22:29 Scale Barding Armor
23:37 Padded Archer Armor
29:22 Castle Age
27:33 Stone Mining
tiwaz55
5:10 Loom
12:26 Feudal Age
19:53 Castle Age
18:09 Fletching
18:21 Double-Bit Axe
19:00 Horse Collar
21:00 Wheelbarrow
20:44 Bow Saw
21:30 Gold Mining
21:46 Heavy Plow
22:10 Crossbowman
25:09 Bodkin Arrow
xxSlyxx
2:26 Loom
2:57 Loom
10:38 Feudal Age
12:08 Double-Bit Axe
13:53 Horse Collar
18:11 Town Watch
22:30 Castle Age
21:52 Scale Barding Armor
21:57 Forging
22:27 Wheelbarrow
22:09 Gold Mining
23:19 Bloodlines
22:50 Capped Ram
24:23 Iron Casting
24:49 Chain Barding Armor
27:12 Hand Cart
27:34 Town Patrol
Rodo
5:08 Loom
12:07 Feudal Age
15:14 Castle Age
13:55 Horse Collar
14:03 Double-Bit Axe
18:11 Stone Mining
23:27 Heavy Plow
26:07 Forging
26:02 Scale Barding Armor
28:04 Iron Casting
27:50 Chain Barding Armor
27:52 Husbandry
Little Cancer
0:50 Loom
13:15 Feudal Age
16:40 Castle Age
14:41 Double-Bit Axe
18:15 Bow Saw
25:50 Stone Mining
26:21 Scale Mail Armor
26:31 Forging
26:09 Gambesons
26:12 Arson
26:38 Horse Collar
Moh
5:32 Loom
14:40 Feudal Age
14:55 Feudal Age
20:14 Castle Age
18:09 Double-Bit Axe
20:16 Stone Mining
20:15 Horse Collar
Connection lost

Rejoining the realm…

Still unreachable

The connection could not be restored.

Session expired

The server has moved on; the page needs a fresh start.